 Dungeon Crawl Stone Soup version 0.26-a0-259-g1effd001a9 (webtiles) character file.

Game seed: 13878090210460491365

9 vurker the Sneak (level 2, 11/23 HPs)
             Began as a Demonspawn Brigand on July 17, 2020.
             Quit the game on level 1 of the Dungeon.
             The game lasted 00:00:25 (155 turns).

vurker the Sneak (Demonspawn Brigand)                Turns: 155, Time: 00:00:26

Health: 11/23      AC:  3    Str: 11    XL:     2   Next: 3%
Magic:  2/2        EV: 11    Int: 12    God:
Gold:   0          SH:  0    Dex: 14    Spells: 1/1 levels left

rFire    . . .     SeeInvis .   a - +2 dagger
rCold    . . .     Faith    .   (no shield)
rNeg     . . .     Spirit   .   b - +0 robe
rPois    .         Reflect  .   (no helmet)
rElec    .         Harm     .   c - +0 cloak
rCorr    .                      (no gloves)
MR       .....                  (no boots)
Stlth    ++........             (no amulet)
HPRegen  0.07/turn              (no ring)
MPRegen  0.08/turn              (no ring)

@: no status effects
A: sturdy frame 1
a: no special abilities


You were on level 1 of the Dungeon.
You were not hungry.

You visited 1 branch of the dungeon, and saw 1 of its levels.

Inventory:

Hand Weapons
 a - a +2 dagger (weapon)
Missiles
 d - 33 poisoned darts (quivered)
 f - 2 curare-tipped darts
Armour
 b - a +0 robe (worn)
 c - a +0 cloak (worn)
Potions
 g - a potion of lignification {unknown}
Comestibles
 e - 2 rations


   Skills:
 + Level 2.4 Fighting
 - Level 1.7 Short Blades
 + Level 2.1 Throwing
 - Level 0.8 Dodging
 - Level 3.6 Stealth


You had one spell level left.
You didn't know any spells.
Your spell library was empty.

Dungeon Overview and Level Annotations

Branches:
Dungeon (1/15)

Altars:


Innate Abilities, Weirdness & Mutations

Your movements are slightly less encumbered by armour. (ER -2)


Message History

You see here a blue potion.
You hit the kobold.
You kill the kobold!
No target in view!
No target in view!
No target in view!
No target in view!
No target in view!
No target in view!
No target in view!
No target in view!
No target in view!
No target in view!
g - a blue potion
Things that are here:
a +0 short sword; a kobold corpse
d - 33 poisoned darts (gained 10)
Found a scroll labeled QUCROE XEXTAYRUCWE.
Found a cloak.
A jackal comes into view.
You see here a scroll labeled QUCROE XEXTAYRUCWE.
A jackal is nearby!
A jackal is nearby!
A jackal comes into view.
The jackal barks! x2
Found a scroll labeled FEIWAI WUIPLENG.
You hit the jackal. The jackal bites you. The jackal barely misses you.
The jackal bites you.
You barely miss the jackal. The jackal barely misses you.
The jackal bites you but does no damage.
You completely miss the jackal.
The jackal bites you but does no damage.
The jackal barely misses you.
You closely miss the jackal. The jackal bites you.
The jackal barely misses you. The jackal closely misses you.
The jackal misses you.
You hit the jackal. The jackal barely misses you. x2
You hit the jackal. The jackal misses you. The jackal closely misses you.
You hit the jackal but do no damage. The jackal misses you.
The jackal closely misses you. x2
You hit the jackal.
You kill the jackal!
The jackal barely misses you. x2
You hit the jackal. The jackal bites you.
* * * LOW HITPOINT WARNING * * *
You hit the jackal.
You kill the jackal!
You have reached level 2!
Your demonic ancestry asserts itself...
You feel less encumbered by your armour.

.#...#................
.#####................
.....................
.#....###............
. .##.#.# #...?^...##
#.. .##....
#.........# ....
.##....
+......[..#.....
.......
#.............?. ...
#.......@†....#
...#......†....#
....#...........#
....#...........# ..
#...........#
#...........#
######........
#.#....#.


There were no monsters in sight!

Vanquished Creatures
  A giant cockroach (D:1)
  2 goblins (D:1)
  2 jackals (D:1)
  A kobold (D:1)
  A bat (D:1)
7 creatures vanquished.

Notes
Turn   | Place    | Note
-------+----------+-------------------------------------------
     0 | D:1      | vurker the Demonspawn Brigand began the quest for the Orb.
     0 | D:1      | Reached XP level 1. HP: 16/16 MP: 1/1
   154 | D:1      | Gained mutation: Your movements are slightly less
                  | encumbered by armour. (ER -2) [demonic ancestry]
   154 | D:1      | Reached XP level 2. HP: 11/23 MP: 2/2
   155 | D:1      | Quit the game

Illustrated notes

Levels and vault maps discovered:
D:1:      dpeg_arrival_shrine, layout_basic, chequers_hall_statues_corner_a,
          minivault_24, minmay_distorted

Skill      XL: |  1 |
---------------+----+-----
Throwing       | 2 |  2.1
Fighting       | |  2.4
Short Blades   | |  1.7
Dodging        | |  0.8
Stealth        | |  3.6

Action                   || total
-------------------------++-------
Melee: Dagger            ||    23
Armor: Robe              ||    10
Dodge: Dodged            ||    27

Table legend:
 A = Non-vault XP
 B = Vault XP
 C = Vault XP percentage of total XP
 D = Non-vault monster count
 E = Vault monster count
 F = Vault count percentage of total count
                 A         B        C        D         E       F
            +---------+---------+-------+---------+---------+-------
      Total |       9 |       4 |  30.8 |       5 |       2 |  28.6
            +---------+---------+-------+---------+---------+-------
        D:1 |       9 |       4 |  30.8 |       5 |       2 |  28.6
            +---------+---------+-------+---------+---------+-------
